 Dungeon Crawl Stone Soup version 0.28-a0-537-g3bccd9ccbf (webtiles) character file.

Game seed: 10247752830092218829

397 Tocho the Firebug (level 6, -2/70 HPs)
             Began as a Demigod Fire Elementalist on Sept 27, 2021.
             Slain by Edmund (9 damage)
             ... on level 5 of the Dungeon.
             The game lasted 00:08:42 (5933 turns).

Tocho the Firebug (Demigod Fire Elementalist)       Turns: 5933, Time: 00:08:42

Health: -2/70      AC: 23    Str: 17    XL:     6   Next: 27%
Magic:  1/13       EV:  2    Int: 17    God:
Gold:   140        SH:  0    Dex: 14    Spells: 8/11 levels left

rFire   . . .      SeeInvis .   o - +4 rapier
rCold   . . .      Faith    .   (no shield)
rNeg    + + +      Spirit   .   (armour currently unavailable)
rPois   +          Reflect  .   (helmet currently unavailable)
rElec   .          Harm     .   (cloak currently unavailable)
rCorr   .          Rampage  .   (gloves currently unavailable)
Will    .....      NoTele   +   (boots currently unavailable)
Stlth   ++........              (no amulet)
HPRegen 0.21/turn               (no ring)
MPRegen 0.13/turn               (no ring)

@: tree-form, very slightly contaminated, hasted, very quick
A: stationary, stasis, torment immunity, boosted hp, high mp 1, forlorn
a: no special abilities


You were on level 5 of the Dungeon.
You were a tree.
You visited 2 branches of the dungeon, and saw 6 of its levels.

You collected 140 gold pieces.

Inventory:

Hand Weapons
 c - a +2 whip of venom
 f - a +0 war axe
 k - a +0 falchion
 o - a +4 rapier (weapon)
Missiles
 A - 15 poisoned darts
Armour
 a - a +0 robe (melded)
 b - a +0 helmet (melded)
 d - a +0 leather armour
Jewellery
 j - a ring of magical power
 B - a ring of resist corrosion
Scrolls
 e - a scroll of enchant weapon {unknown}
 i - 2 scrolls of noise {unknown}
 l - 4 scrolls of identify {unknown}
 m - a scroll of magic mapping {unknown}
 n - a scroll of enchant armour {unknown}
 q - 2 scrolls of immolation {unknown}
 r - a scroll of teleportation {unknown}
 s - a scroll of fog {unknown}
 t - a scroll of brand weapon {unknown}
 w - a scroll of holy word {unknown}
 x - a scroll of acquirement {unknown}
 y - a scroll of amnesia {unknown}
Potions
 g - a potion of brilliance {unknown}
 h - a potion of haste
 p - 4 potions of lignification
 v - a potion of cancellation {unknown}
 z - a potion of berserk rage {unknown}


   Skills:
 + Level 1.0 Fighting
 + Level 1.4(1.6) Short Blades
 + Level 0.5(1.1) Long Blades
 + Level 0.7 Maces & Flails
 + Level 2.5 Dodging
 + Level 3.0 Stealth
 + Level 3.2 Spellcasting
 + Level 1.2 Conjurations
 + Level 4.1 Fire Magic


You had 8 spell levels left.
You knew the following spells:

 Your Spells              Type           Power      Damage    Failure   Level
a - Foxfire               Conj/Fire      48%        2x1d6     5%          1
b - Scorch                Fire           34%        2d7       4%          2

Your spell library contained the following spells:

 Spells                   Type           Power      Damage    Failure   Level
 Animate Skeleton         Necr           4%         N/A       17%         1
 Apportation              Tloc           4%         N/A       17%         1
 Summon Small Mammal      Summ           8%         N/A       17%         1
 Conjure Flame            Conj/Fire      12%        6-21      17%         3
 Inner Flame              Hex/Fire       9%         N/A       22%         3
 Portal Projectile        Hex/Tloc       4%         N/A       45%         3
 Flame Wave               Conj/Fire      12%        3d4       50%         4
 Blade Hands              Tmut           1%         N/A       99%         5
 Excruciating Wounds      Necr           1%         N/A       99%         5


Dungeon Overview and Level Annotations

Branches:
Dungeon (5/15)             Temple (1/1) D:4

Shops:
D:1 =

Annotations:
D:5 Edmund


Innate Abilities, Weirdness & Mutations

You are a tree.
Your roots penetrate the ground, keeping you stationary.
You cannot be teleported.
You are immune to unholy pain and torment.
Your maximum health is greatly increased.
Your equipment is partially melded.
Your attributes grow dramatically as you level up.
You have an increased reservoir of magic. (+10% MP)
You shall have no god before yourself.


Message History

Edmund is no longer more vulnerable to fire.
You hit Edmund.
Edmund is moderately wounded.
You feel sick. Edmund hits you but does no damage.
You are more poisoned.
You puncture Edmund!
Edmund is heavily wounded.
* * * LOW HITPOINT WARNING * * *
You feel sick.
Edmund hits you with a +2 flail of venom.
* * * LOW HITPOINT WARNING * * *
You closely miss Edmund.
Edmund is heavily wounded.
* * * LOW HITPOINT WARNING * * *
You feel very sick.
Edmund hits you with a +2 flail of venom.
* * * LOW HITPOINT WARNING * * *
You are more poisoned.
Casting: Scorch (safe; 4% risk of failure)
Confirm with . or Enter, or press ? or * to list all spells.
You miscast Scorch.
You are very lightly contaminated with residual magic.
Nothing appears to happen.
* * * LOW HITPOINT WARNING * * *
You feel very sick.
You feel better. Edmund barely misses you.
Casting: Scorch (safe; 4% risk of failure)
Confirm with . or Enter, or press ? or * to list all spells.
Flames lash Edmund.
Edmund is severely wounded.
Edmund's fire resistance burns away.
Edmund says, "I might not be good at magic, but I can still kill you!"
Edmund hits you with a +2 flail of venom.
* * * LOW HITPOINT WARNING * * *
You closely miss Edmund.
Edmund is severely wounded.
You barely miss Edmund.
Edmund is severely wounded.
Edmund hits you with a +2 flail of venom!
You die...

###### #..... #.#
########## #.#
#........###########.##
#.####>.♣@...†........#
#.#.####.#.#######.###..##
#....<...#.# #.# #...#
#..[.###.#.# #####.# #.#.#
#....# #.#.# #.....#
#.#.## #....# #.#.#
#.##### #.#..# #....#
#.#.# #.# #.##.# #....#
#.# #.# #.##.# #....# #.#
#.##..


You could see Edmund (combustible).

Vanquished Creatures
  A necrophage (D:3)
  A scorpion (D:4)
  A hound (D:5)
  A centaur skeleton (D:4)
  An orc wizard (D:4)
  Terence (D:2)
  7 adders
  A dart slug (D:4)
  4 orcs
  6 bats
  6 endoplasms
  8 giant cockroaches
  4 goblins
  6 hobgoblins
  4 jackals (D:3)
  6 kobolds
  4 quokkas
  6 ball pythons
  6 frilled lizards
  3 rats
77 creatures vanquished.

Vanquished Creatures (others)
  34 foxfires (D:1)
34 creatures vanquished.

Grand Total: 111 creatures vanquished

Notes
Turn   | Place    | Note
-------+----------+-------------------------------------------
     0 | D:1      | Tocho the Demigod Fire Elementalist began the quest for the
                  | Orb.
     0 | D:1      | Reached XP level 1. HP: 14/14 MP: 5/5
   315 | D:1      | Reached skill level 1 in Conjurations
   583 | D:1      | Reached XP level 2. HP: 20/20 MP: 7/7
   586 | D:1      | Learned a level 2 spell: Scorch
   687 | D:1      | Reached skill level 3 in Fire Magic
   911 | D:1      | Found Caicedue's Jewellery Emporium.
  1516 | D:2      | Noticed Terence
  1522 | D:2      | Killed Terence
  1523 | D:2      | Reached XP level 3. HP: 15/26 MP: 1/8
  1994 | D:2      | Reached XP level 4. HP: 32/33 MP: 3/10
  3460 | D:3      | Noticed a necrophage
  3465 | D:3      | Killed a necrophage
  3466 | D:3      | Reached XP level 5. HP: 39/39 MP: 2/12
  3666 | D:3      | Reached skill level 1 in Short Blades
  4241 | D:4      | Found a staircase to the Ecumenical Temple.
  4503 | Temple   | Entered the Ecumenical Temple
  5049 | D:4      | Reached skill level 1 in Fighting
  5049 | D:4      | Reached skill level 4 in Fire Magic
  5049 | D:4      | Reached XP level 6. HP: 10/47 MP: 8/13
  5055 | D:4      | HP: 2/47 [poisoned by a scorpion]
  5833 | D:5      | Entered Level 5 of the Dungeon
  5879 | D:5      | Noticed Edmund
  5929 | D:5      | HP: 3/70 [poisoned by Edmund]
  5933 | D:5      | Slain by Edmund

Illustrated notes

Levels and vault maps discovered:
D:1:      scummos_arrival_star, layout_basic, basic_ecumenical_altar,
          serial_shops, nicolae_shop_behind_doors, minmay_worlds_worst_comb
D:2:      layout_basic, uniq_terence
D:3:      layout_loops_ring, mainiacjoe_overflow_small_starburst
D:4:      layout_rooms, mainiacjoe_overflow_cross_hatched, fiery_altar_vehumet,
          minmay_temple_entry_stoned_glass, minivault_27
D:5:      layout_basic, overflow_temple_1_default, enter_ossuary_4, uniq_edmund
Temple:   jpeg_temple_island

Skill      XL: |  1  2  3  4  5 |
---------------+----------------+-----
Spellcasting   | 2 3 |  3.2
Conjurations   | 1 |  1.2
Dodging        | 2 |  2.5
Fire Magic     | 3 4 |  4.1
Stealth        | 2 3 |  3.0
Short Blades   | 1 |  1.4
Fighting       | 1 |  1.0
Long Blades    | |  0.5
Maces & Flails | |  0.7

Action                   |  1- 3 |  4- 6 || total
-------------------------+-------+-------++-------
Melee: Whip              |    22 |       ||    22
       Falchion          |    23 |     8 ||    31
       Rapier            |       |    83 ||    83
 Cast: Foxfire           |    20 |       ||    20
       Scorch            |    17 |    35 ||    52
  Use: Potion            |       |     4 ||     4
 Stab: Sleeping          |     5 |     8 ||    13
Armor: Robe              |    16 |    28 ||    44
       Skin              |       |     4 ||     4
Dodge: Dodged            |    26 |    77 ||   103

Table legend: (Time is in decaauts)
 A = Elapsed time spent in this place.
 B = Non-inter-level travel time spent in this place.
 C = Inter-level travel time spent in this place.
 D = Time resting spent in this place.
 E = Time spent auto-exploring this place.
 F = Levels seen in this place.
 G = Mean time per level.
                   A        B        C        D        E       F      G
               +--------+--------+--------+--------+--------+-----+--------+
         Total |   5993 |   5679 |    314 |   1037 |   3921 |   6 |  998.8 |
       Dungeon |   5615 |   5380 |    235 |   1037 |   3646 |   5 | 1123.0 |
        Temple |    377 |    298 |     79 |      0 |    275 |   1 |  377.0 |
               +--------+--------+--------+--------+--------+-----+--------+

Top non-repeatable levels by time:
     D:2: 1493 daAuts
     D:1: 1437 daAuts
     D:4: 1312 daAuts
     D:3: 1276 daAuts
  Temple: 377 daAuts
     D:5: 97 daAuts
